 Dungeon Crawl Stone Soup version 0.13-a0-3060-g5a62039 (webtiles) character file.

397 PolkaDot the Ruinous (level 5, 0/30 (33) HPs)
             Began as a Vampire Wizard on Sept 15, 2013.
             Was an Initiate of Vehumet.
             Slain by an orc
             ... wielding a +0,+1 orcish trident
              (5 damage)
             ... on Level 4 of the Dungeon.
             The game lasted 00:20:26 (4101 turns).

PolkaDot the Ruinous (Vampire Wizard)               Turns: 4101, Time: 00:20:26

HP   0/30 (33)   AC  5     Str  6      XL: 5   Next: 53%
MP   6/13        EV 15     Int 21      God: Vehumet [......]
Gold 192         SH  0     Dex 12      Spells:  3 memorised,  3 levels left

Res.Fire  : . . .   See Invis. : +   w - +2,+0 elf dagger
Res.Cold  : + . .   Warding    : .   a - +0 robe
Life Prot.: . . .   Conserve   : .   (no shield)
Res.Poison: .       Res.Corr.  : .   b - +0 wizard hat
Res.Elec. : .       Clarity    : .   p - +2 elf cloak
Sust.Abil.: . .     Spirit.Shd : .   (no gloves)
Res.Mut.  : .       Stasis     : .   (no boots)
Res.Rott. : .       Flight     : .   i - amulet of rage
Saprovore : . . .                    v - +3 ring of evasion
                                     j - ring of protection from cold

@: regenerating quickly, very slightly contaminated, slightly resistant to
hostile enchantments, stealthy
A: fangs 3, see invisible, screaming 1, unbreathing
a: Renounce Religion, Evoke Berserk Rage


You were on level 4 of the Dungeon.
You worshipped Vehumet.
Vehumet was pleased with you.
You were very full.

You visited 1 branch of the dungeon, and saw 4 of its levels.

You collected 172 gold pieces.

Inventory:

Hand weapons
 w - a +2,+0 elven dagger (weapon)
Armour
 a - a +0 robe (worn)
 b - a +0 wizard hat (worn)
 p - a +2 elven cloak (worn)
Magical devices
 s - a wand of frost (15) {unknown}
Scrolls
 d - a scroll of recharging {unknown}
 e - 3 scrolls of remove curse {unknown}
 f - a scroll of blinking {unknown}
 g - 2 scrolls of curse jewellery {unknown}
 h - a scroll of magic mapping {unknown}
 k - a scroll of fear {unknown}
 m - 3 scrolls of noise {unknown}
 n - a scroll of enchant weapon I {unknown}
 r - a scroll of identify
Jewellery
 i - an amulet of rage (around neck)
 j - a ring of protection from cold (left hand)
 v - a +3 ring of evasion (right hand)
Potions
 l - 2 potions of restore abilities
 o - a potion of heal wounds
 q - a potion of slowing {unknown}
 t - a potion of flight {unknown}
Books
 c - a book of Minor Magic

   Spells                             Type                      Level
   *Magic Dart                        Conjuration                  1
   Blink                              Translocation                2
   Call Imp                           Summoning                    2
   Repel Missiles                     Charms/Air                   2
   Slow                               Hexes                        2
   *Conjure Flame                     Conjuration/Fire             3
   *Mephitic Cloud                    Conjuration/Poison/Air       3


   Skills:
 - Level 2.1 Dodging
 - Level 3.0 Stealth
 - Level 3.0 Spellcasting
 * Level 4.1 Conjurations
   Level 1.0 Summonings
   Level 0.7 Translocations


You had 3 spell levels left.
You knew the following spells:

 Your Spells              Type           Power        Failure   Level  Hunger
a - Magic Dart            Conj           ###.         2%          1    None
d - Mephitic Cloud        Conj/Pois/Air  #.......     24%         3    ###....
s - Conjure Flame         Conj/Fire      ##......     21%         3    ###....


Dungeon Overview and Level Annotations

Branches:
Dungeon (4/27)
 Temple: D:4-7

Altars:
Kikubaaqudgha
Vehumet

Annotations:
D:4 Prince Ribbit


Innate Abilities, Weirdness & Mutations

Your natural rate of healing is unusually fast.
You have razor-sharp teeth.*
You have supernaturally acute eyesight.
You can survive without breathing.*
You occasionally shout uncontrollably.+


Message History

The kobold throws a stone.
The stone hits you!
The kobold throws a stone.
The stone misses you.
You see here a stone.
The orc priest misses you.
The kobold throws a stone.
The stone misses you.
You catch the helpless orc priest completely off-guard!
You hit the orc priest.
The orc priest is almost dead.
The orc hits you from afar with an orcish trident.
The kobold throws a stone.
The stone misses you.
You barely miss the orc priest.
The orc priest is almost dead.
The orc hits you from afar with an orcish trident!
* * * LOW HITPOINT WARNING * * *
You are too injured to fight recklessly!
You are too injured to fight recklessly!
You hit the orc priest but do no damage.
You bite the orc priest, but do no damage.
The orc priest is almost dead.
The orc hits you from afar with an orcish trident.
You die...

#########
##.......#
#<....##.#
###.#.#
#.....#.#####
########.#(@o#
#......(.)(#.###
#.#####"##.(.o>#
#....###....#
####.# ..#.. .K.
... ##.# . #..
#.#


You could see an orc priest (confused), an orc and a kobold.

Vanquished Creatures
  An orc priest (D:3)
  A hound (D:4)
  3 gnolls (D:3)
  4 adders
  A worm (D:3)
  6 giant geckos
  An ooze (D:2)
  3 orcs (D:3)
  11 bats
  7 hobgoblins
  13 jackals
  9 kobolds
  A quokka (D:3)
  5 giant cockroaches
  3 giant newts
  7 goblins
  8 rats
84 creatures vanquished.

Notes
Turn   | Place    | Note
--------------------------------------------------------------
     0 | D:1      | PolkaDot, the Vampire Wizard, began the quest for the Orb.
     0 | D:1      | Reached XP level 1. HP: 11/11 MP: 6/6
   149 | D:1      | Reached skill level 1 in Conjurations
   370 | D:1      | Reached XP level 2. HP: 17/17 MP: 0/8
  1094 | D:1      | Gained mutation: You occasionally shout uncontrollably. [potion of mutation]
  1498 | D:2      | Reached XP level 3. HP: 19/19 MP: 8/10
  2485 | D:2      | Reached XP level 4. HP: 22/25 MP: 4/12
  2944 | D:3      | Found a radiant altar of Vehumet.
  2955 | D:3      | Became a worshipper of Vehumet
  2970 | D:3      | Learned a level 3 spell: Conjure Flame
  2974 | D:3      | Learned a level 3 spell: Mephitic Cloud
  3381 | D:3      | HP: 1/25 [orc priest/divine providence (11)]
  3385 | D:3      | Reached XP level 5. HP: 2/30 MP: 9/13
  3529 | D:3      | Found an ancient bone altar of Kikubaaqudgha.
  3975 | D:4      | Reached skill level 4 in Conjurations
  3982 | D:4      | Noticed Prince Ribbit
  4101 | D:4      | Slain by an orc

Action                   |  1- 3 |  4- 6 || total
-------------------------+-------+-------++-------
Melee: Unarmed           |    21 |       ||    21
       Dagger            |       |    20 ||    20
 Cast: Magic Dart        |   136 |    88 ||   224
       Mephitic Cloud    |       |     5 ||     5
       Conjure Flame     |       |     1 ||     1
  Use: Potion            |     3 |     4 ||     7
       Scroll            |       |     4 ||     4
 Stab: Confused          |       |     1 ||     1
